 Dungeon Sprint DCSS version 0.23-a0-694-g178e528 (webtiles) character file.

1582 TheOrbIsALie the Ripper (level 8, -8/51 HPs)
             Began as a Felid Berserker on Jan 11, 2019.
             Was a High Priest of Trog.
             Mangled by a troll (10 damage)
             ... in the Dungeon (Sprint IX: "|||||||||||||||||||||||||||||").
             The game lasted 00:01:07 (200 turns).

TheOrbIsALie the Ripper (Felid Berserker)            Turns: 200, Time: 00:01:07

Health: -8/51      AC:  2    Str: 18    XL:     8   Next: 60%
Magic:  9/9        EV: 19    Int:  8    God:    Trog [*****.]
Gold:   0          SH:  0    Dex: 18    Spells: 7/7 levels left
                                        Lives:  0   Deaths: 2

rFire    . . .     SeeInvis +     - Unarmed
rCold    . . .     Gourm    .   (shield unavailable)
rNeg     . . .     Faith    .   (armour unavailable)
rPois    .         Spirit   .   (helmet unavailable)
rElec    .         Reflect  .   (cloak unavailable)
rCorr    .         Harm     .   (gloves unavailable)
MR       +....     NoTele   +   (boots unavailable)
Stlth    ..........             (no amulet)
HPRegen  0.17/turn              (no ring)
MPRegen  0.11/turn              (no ring)

@: berserking, very quick
A: very small, no armour, no weapons or thrown items, stealth, claws 1, fangs 3,
see invisible, carnivore, speed 1, shaggy fur 2, slow metabolism 1, sharp paws
a: Berserk, Trog's Hand, Brothers in Arms, Renounce Religion


You were in the Dungeon.
You worshipped Trog.
Trog was extremely pleased with you.
You were not hungry.

You visited 1 branch

Inventory:

Jewellery
 k - a +3 ring of intelligence
 l - a +3 ring of intelligence
Wands
 j - a wand of acid (9)
Scrolls
 g - 2 scrolls of blinking
 i - 3 scrolls of remove curse
Potions
 b - 5 potions of curing
 c - 3 potions of heal wounds
 d - a potion of haste
 e - 4 potions of magic
 f - a potion of berserk rage
 h - a potion of invisibility
Comestibles
 a - 11 rations


   Skills:
 - Level 3.0 Fighting
 - Level 4.0 Dodging
 + Level 18.8 Unarmed Combat


You had 7 spell levels left.
You didn't know any spells.
Your spell library was empty.

Dungeon Overview and Level Annotations

Branches:
Dungeon (1/1)

Altars:
Cheibriados
Dithmenos
Elyvilon
Fedhas
Gozag
Hepliaklqana
Kikubaaqudgha
Makhleb
Nemelex Xobeh
Okawaru
Qazlal
Ru
Sif Muna
Trog
Uskayaw
Vehumet
Wu Jian
Xom
Yredelemnul
Zin
The Shining One
Beogh
Jiyva
Lugonu

Shops:
D *=


Innate Abilities, Weirdness & Mutations

You cannot wear armour.
You are incapable of wielding weapons or throwing items.
Your paws allow you to move quietly. (Stealth)
You have sharp claws.
You have razor-sharp teeth.
You have supernaturally acute eyesight. (SInv)
You are carnivorous and can eat meat at any time.
You cover ground quickly.
You are covered in thick fur. (AC +2)
You have a slow metabolism.
Your sharp claws are effective at attacking unaware monsters.


Message History

The ogre mage seems to speed up.
The troll misses you. The troll completely misses you.
The troll barely misses you.
You barely miss the troll. You bite the troll!
The troll is almost dead.
You closely miss the troll.
The troll is almost dead.
The troll bites you!
* * * LOW HITPOINT WARNING * * *
The troll claws you!
* * * LOW HITPOINT WARNING * * *
The troll misses you.
You mangle the troll!!
You feel the power of Trog in you as your rage grows.
You kill the troll!
Trog accepts your kill.
The troll leather armour is intact enough to wear.
A deep troll comes into view.
The deep troll shouts!
The troll bites you but does no damage. The troll claws you!
You die...

▓▓▓▓▓▓▓▓▓▓▓▓▓▓▓▓▓▓▓▓▓
....................▓
▓▓▓▓▓▓▓▓▓▓▓▓▓▓▓▓▓▓▓.▓
∩T∩TTOT@'.........▓
▓▓▓▓▓▓▓▓▓▓▓▓▓▓▓▓▓▓▓
▓▓▓▓▓▓▓▓▓▓▓▓▓▓▓▓▓▓▓▓
..Y.YYY$Y%'..[[[[..+
▓▓▓▓▓▓▓▓▓▓▓▓▓▓▓▓▓▓▓▓
▓▓▓▓▓▓▓▓▓▓▓▓▓▓▓▓▓▓
'.?|)[[[..†xol9.H+


You could see an ogre mage, 3 deep trolls and a troll.

Vanquished Creatures
  2 deep trolls (D)
  2 elephants (D)
  A troll (D)
  A phantom (D)
  An iguana (D)
  An ooze (D)
  A dart slug (D)
  A leopard gecko (D)
  2 orcs (D)
  A bat zombie (D)
  2 goblins (D)
  A hobgoblin (D)
16 creatures vanquished.

Notes
Turn   | Place    | Note
-------+----------+-------------------------------------------
     0 | D        | TheOrbIsALie the Felid Berserker began the quest for the
                  | Orb.
     0 | D        | Reached XP level 1. HP: 10/10 MP: 2/2
     7 | D        | Reached skill level 4 in Unarmed Combat
    20 | D        | Reached ** piety under Trog
    28 | D        | Reached skill level 5 in Unarmed Combat
    28 | D        | Reached XP level 2. HP: 12/14 MP: 3/3
    71 | D        | Noticed a phantom
    75 | D        | Reached skill level 7 in Unarmed Combat
    75 | D        | Reached XP level 3. HP: 17/17 MP: 4/4
    83 | D        | Killed a phantom
    83 | D        | Reached *** piety under Trog
    83 | D        | Reached skill level 10 in Unarmed Combat
    83 | D        | Reached XP level 4. HP: 21/21 MP: 5/5
    92 | D        | Found a roughly hewn altar of Beogh.
    92 | D        | Found a snail-covered altar of Cheibriados.
    92 | D        | Found a shadowy altar of Dithmenos.
    92 | D        | Found a white marble altar of Elyvilon.
    92 | D        | Found a blossoming altar of Fedhas.
    92 | D        | Found an opulent altar of Gozag.
    93 | D        | Found a hazy altar of Hepliaklqana.
    94 | D        | Found a viscous altar of Jiyva.
    95 | D        | Found an ancient bone altar of Kikubaaqudgha.
    96 | D        | Found a corrupted altar of Lugonu.
    97 | D        | Found a burning altar of Makhleb.
    98 | D        | Found a sparkling altar of Nemelex Xobeh.
    99 | D        | Found an iron altar of Okawaru.
   100 | D        | Found a stormy altar of Qazlal.
   101 | D        | Found a sacrificial altar of Ru.
   102 | D        | Found a deep blue altar of Sif Muna.
   103 | D        | Found a bloodstained altar of Trog.
   104 | D        | Found a hide-covered altar of Uskayaw.
   105 | D        | Found a radiant altar of Vehumet.
   106 | D        | Found an ornate altar of the Wu Jian Council.
   107 | D        | Found a shimmering altar of Xom.
   108 | D        | Found a basalt altar of Yredelemnul.
   109 | D        | Found a glowing silver altar of Zin.
   110 | D        | Found a glowing golden altar of the Shining One.
   136 | D        | Noticed an unseen horror
   136 | D        | Noticed a gargoyle
   136 | D        | Noticed a hippogriff
   143 | D        | Reached **** piety under Trog
   144 | D        | Slain by an unseen horror
   145 | D        | Reached XP level 3. HP: -3/17 MP: 4/4
   147 | D        | Noticed an elephant
   147 | D        | Noticed an elephant
   147 | D        | Noticed an elephant
   149 | D        | Noticed a dire elephant
   150 | D        | Noticed a dire elephant
   151 | D        | Noticed an elephant
   155 | D        | Killed an elephant
   155 | D        | Reached skill level 14 in Unarmed Combat
   155 | D        | Reached XP level 4. HP: 21/21 MP: 5/5
   155 | D        | Reached XP level 5. HP: 24/24 MP: 6/6
   155 | D        | Gained mutation: You are covered in thick fur. (AC +2)
                  | [Felid growth]
   155 | D        | Reached XP level 6. HP: 28/28 MP: 7/7
   156 | D        | Noticed an elephant
   159 | D        | Killed an elephant
   159 | D        | Reached skill level 16 in Unarmed Combat
   159 | D        | Reached XP level 7. HP: 17/31 MP: 8/8
   162 | D        | Annihilated by a dire elephant
   163 | D        | Reached XP level 6. HP: -23/42 MP: 7/7
   184 | D        | Found Selaufing's Jewellery Shoppe.
   184 | D        | Noticed an ogre mage
   184 | D        | Noticed a troll
   184 | D        | Noticed a troll
   184 | D        | Noticed a deep troll
   184 | D        | Noticed a deep troll
   184 | D        | Noticed a deep troll
   188 | D        | Killed a deep troll
   188 | D        | Reached skill level 17 in Unarmed Combat
   188 | D        | Reached XP level 7. HP: 29/31 MP: 8/8
   189 | D        | Noticed a deep troll
   194 | D        | Killed a deep troll
   194 | D        | Reached ***** piety under Trog
   194 | D        | Reached skill level 18 in Unarmed Combat
   194 | D        | Reached XP level 8. HP: 23/34 MP: 9/9
   198 | D        | HP: 2/51 [troll (10)]
   199 | D        | Killed a troll
   200 | D        | Found Isusane's Assorted Antiques.
   200 | D        | Noticed a deep troll
   200 | D        | Mangled by a troll

Vault maps used:
D:        linesprint

Skill      XL: |  1  2  3  4  5  6  7 |
---------------+----------------------+-----
Unarmed Combat | 5 7 14 17 18 | 18.8
Fighting       | |  3.0
Dodging        | |  4.0

Action                   |  1- 3 |  4- 6 |  7- 9 || total
-------------------------+-------+-------+-------++-------
Melee: Unarmed           |    37 |    15 |    13 ||    65
       Bite              |     6 |     1 |     3 ||    10
       Punch             |       |     3 |     2 ||     5
Invok: Berserk           |     2 |     1 |       ||     3
Evoke: Wand              |       |     1 |       ||     1
Armor: Skin              |       |       |     1 ||     1
Dodge: Dodged            |    28 |    12 |     7 ||    47

Table legend:
 A = Non-vault XP
 B = Vault XP
 C = Vault XP percentage of total XP
 D = Non-vault monster count
 E = Vault monster count
 F = Vault count percentage of total count
                 A         B        C        D         E       F
            +---------+---------+-------+---------+---------+-------
      Total |       0 |    2866 | 100.0 |       0 |      16 | 100.0
            +---------+---------+-------+---------+---------+-------
          D |       0 |    2866 | 100.0 |       0 |      16 | 100.0
            +---------+---------+-------+---------+---------+-------
